Cogmind - Beta 16.1 *** ADVENTURER MODE // 2026.02.10 @ 09:24:35 // Winter2019/RPGLIKE Player: Lava Result: Destroyed by Autobeam Turret with Autobeam Performance ------------- Evolutions (0) 0 Regions Visited (2) 400 Robots Destroyed (25) 125 Value Destroyed (643) 643 Prototype IDs (0) 0 Alien Tech Used (0) 0 Bonus (0) 0 TOTAL SCORE: 1168 Bonus ------- None Cogmind --------- Core Integrity 0/600 Matter 300/300 Energy 246/250 System Corruption 0% Temperature Cool (14) Movement Treading (160) Location -10/Subcaves Parts ------- > --- POWER (1) -------- Ion Engine > --- PROPULSION (2) --- Light Treads Light Treads > --- UTILITY (2) ------ Scrap Shield > --- WEAPON (2) ------- Light Assault Rifle Slug Cannon > --- INVENTORY (5) ---- Signal Interpreter Light Armor Plating Makeshift Laser Grenade Launcher Hammer Peak State ------------ > --- POWER ------------ Ion Engine > --- PROPULSION ------- Light Treads Light Treads > --- UTILITY ---------- Scrap Shield > --- WEAPON ----------- Light Assault Rifle Slug Cannon > --- INVENTORY -------- Signal Interpreter Light Armor Plating Makeshift Laser Grenade Launcher Hammer [Rating: 12] Favorites ----------- Power Ion Engine Engine Ion Engine Propulsion Light Treads Treads Light Treads Utility Sensor Array Device Sensor Array Protection Light Armor Plating Weapon Light Assault Rifle Energy Gun EM Pulse Gun Ballistic Gun Light Assault Rifle Ballistic Cannon Slug Cannon Launcher Grenade Launcher Special Weapon Mining Laser Impact Weapon Hammer Build | -11 -10 -10 ------- Run | Yrd Mat Sub Slots Evolved 3 | 3 . . Power . | . . . Propulsion 1 | 1 . . Utility 1 | 1 . . Weapon 1 | 1 . . Parts Attached 16 | 5 6 5 Power 1 | 1 . . Engine 1 | 1 . . Core . | . . . Reactor . | . . . Propulsion 2 | 2 . . Treads 2 | 2 . . Leg . | . . . Wheel . | . . . Hover . | . . . Flight . | . . . Utility 4 | . 3 1 Device 1 | . 1 . Storage . | . . . Processor . | . . . Hackware . | . . . Protection 3 | . 2 1 Artifact . | . . . Weapon 9 | 2 3 4 Energy Gun 3 | 2 . 1 Energy Cannon . | . . . Ballistic Gun 2 | . 2 . Ballistic Cannon 1 | . . 1 Launcher 1 | . . 1 Special Weapon 1 | . 1 . Impact Weapon 1 | . . 1 Slashing Weapon . | . . . Piercing Weapon . | . . . Special Melee Weapon . | . . . Unidentified Prototypes . | . . . Parts Lost 1 | . . 1 Power . | . . . Propulsion . | . . . Utility 1 | . . 1 Weapon . | . . . Highest Loss Streak 1 | . . 1 To Critical Strikes . | . . . Average Backups 3 | 1 2 4 Power . | . . . Propulsion . | . . . Utility 1 | . 1 2 Weapon 1 | 1 1 2 Tool/Special . | . . . Unused Backups 5 | . 3 2 Power . | . . . Propulsion . | . . . Utility 5 | . 3 2 Weapon . | . . . Tool/Special . | . . . Average Slot Usage (%) 98 | . 99 97 Engine 14 | . 14 14 Treads 28 | . 28 28 Device 12 | . 11 12 Protection 14 | . 15 13 Energy Gun 10 | . 23 . Ballistic Gun 15 | . 4 25 Peak Build Rating 12 | 5 7 12 Average Rating 7 | 3 6 7 On Entrance 4 | . 5 7 Avg Prop Armor Cover (%) . | . . . Naked Turns . | . . . Heaviest Build 31 | 8 12 31 Greatest Support 40 | 40 40 40 Greatest Overweight (x) . | . . . Average Overweight (x) . | . . . Largest Inventory Capacity 5 | 4 4 5 Average Capacity 4 | 4 4 4 Most Carried 5 | 2 4 5 Average Carried 3 | 1 3 4 Final Capacity 5 | 4 4 5 Final Carried 5 | . 4 5 Class Distribution -------------------- 100% | Mutant Dominant Class ---------------- Mutant | -10/Materials Mutant | -10/Subcaves Resources | -11 -10 -10 ----------- Run | Yrd Mat Sub Matter Collected 519 | 250 78 191 Remotely . | . . . Salvage Created 716 | . 365 351 Parts 51 | . 36 15 Haulers Intercepted 1 | . 1 . Recyclers Shooed . | . . . Parts Field Recycled . | . . . Retrieved Matter . | . . . Parts Self-Destructed 9 | . . 9 Prevented . | . . . Parts Restored . | . . . Kills | -11 -10 -10 ------- Run | Yrd Mat Sub Combat Hostiles Destroyed 21 | . 13 8 Guns 18 | . 13 5 AOE 3 | . . 3 Classes Destroyed 5 | . 4 1 Hauler 1 | . 1 . Watcher 3 | . 3 . Swarmer 8 | . 8 . Grunt 5 | . 5 . Subdweller 8 | . . 8 Best Kill Streak 5 | . 5 3 Combat Bots Only 5 | . 5 3 Max Kills in Single Turn 1 | . 1 1 Gunslinging . | . . . Exploded 1 | . . 1 Melee . | . . . Uniques/NPCs Destroyed . | . . . Combat | -11 -10 -10 -------- Run | Yrd Mat Sub Hostile Shots Fired 135 | . 77 58 Missed 39 | . 27 12 Hits 96 | . 50 46 Projectile 96 | . 50 46 AOE 7 | . . 7 Critical Strikes 3 | . 2 1 Damage Taken 1338 | . 416 922 Core 975 | . 291 684 Absorbed by Shields . | . . . Redirected to Core 797 | . 228 569 Ignored by Resistances 391 | . 133 258 Core Remaining (%) 100 | 100 . . Volleys Fired 83 | . 48 35 Largest 2 | . 2 2 Hottest 100 | . 100 50 Shots Fired 164 | . 94 70 Gun 159 | . 93 66 Cannon . | . . . Launcher 4 | . . 4 Special 1 | . 1 . Kinetic 84 | . 18 66 Thermal 38 | . 38 . Explosive 4 | . . 4 Electromagnetic 38 | . 38 . Robot Hit Streak 41 | . 21 41 Robot Miss Streak 3 | . 3 1 Penetration Max . | . . . Secondary Targets 4 | . 3 1 Max Gunslinging Chain 1 | . 1 1 Shots Hit Robots 137 | . 71 66 Core Hits 47 | . 24 23 Critical Kills 2 | . . 2 Critical Parts Destroyed . | . . . Critical Strikes 3 | . 1 2 Destroy 2 | . . 2 Corrupt 1 | . 1 . Melee Attacks 16 | . . 16 Impact 16 | . . 16 Slashing . | . . . Piercing . | . . . Sneak Attacks . | . . . Combat Hostiles . | . . . Follow-up Attacks . | . . . Damage Inflicted 1703 | . 889 814 Guns 1323 | . 846 477 Cannons . | . . . Explosions 380 | . 43 337 Melee . | . . . Ramming . | . . . Kinetic 602 | . 125 477 Thermal 362 | . 362 . Explosive 337 | . . 337 Electromagnetic 402 | . 402 . Impact . | . . . Slashing . | . . . Piercing . | . . . Highest Corruption . | . . . Average Corruption . | . . . Corruption Purged . | . . . Corruption Blocked . | . . . Overload Shots . | . . . Overflow Damage . | . . . Projectiles . | . . . Explosions . | . . . Melee . | . . . Knockbacks . | . . . Impact . | . . . Kinetic . | . . . Secondary . | . . . Self-Inflicted Damage 5 | . 5 . Shots 1 | . 1 . Rammed . | . . . Targets Rammed . | . . . Kicked . | . . . Crushed . | . . . Highest Temperature 449 | . 449 192 Average Temperature 105 | . 105 107 Received Heat Transfer 560 | . 201 359 Siege Activations . | . . . Martial Activations . | . . . Shielding Activations . | . . . Robots Disrupted . | . . . Combat Hostiles . | . . . Robots Corrupted . | . . . Combat Hostiles . | . . . Parts Fried 2 | . 2 . Impact Corruptions . | . . . Robots Melted . | . . . Combat Hostiles . | . . . Parts Melted 1 | . . 1 Heat Transferred 775 | . 775 . Parts Sabotaged . | . . . Parts Stolen . | . . . Parts Stripped . | . . . Power Chain Reactions 1 | . 1 . Alert | -11 -10 -10 ------- Run | Yrd Mat Sub Maximum Alert Level . | . . . Low Security (%) 100 | 100 100 . Level 1 . | . . . Level 2 . | . . . Level 3 . | . . . Level 4 . | . . . Level 5 . | . . . High Security . | . . . Max Security . | . . . Peak Influence 115 | . 115 . Initial . | . . . Average 14 | . 15 . Influence Increases 407 | . 407 . Destroy 0b10 Robot/C 260 | . 260 . Destroy 0b10 Robot/NC 20 | . 20 . Destroy Leader 48 | . 48 . Successful Hack 21 | . 21 . Disable Machine 9 | . 9 . Destroy Structure 4 | . 4 . Lose Combat Pursuer 45 | . 45 . Influence Decreases 407 | . 407 . Time Decay 299 | . 299 . Purge Threat 108 | . 108 . Squads Dispatched 1 | . 1 . Investigation 1 | . 1 . Extermination . | . . . Reinforcement . | . . . Assault . | . . . Garrison . | . . . Intercept . | . . . Searches Triggered . | . . . Construction Impeded . | . . . Haulers Reinforced . | . . . Active Scanning Responses . | . . . Cargo Convoy Interrupts . | . . . Stealth | -11 -10 -10 --------- Run | Yrd Mat Sub Distress Signals . | . . . Communications Jammed . | . . . Distress Signals . | . . . Times Spotted 33 | . 23 10 Peak Tracking Total 4 | . 4 3 Tactical Retreats 3 | . 3 . Traps | -11 -10 -10 ------- Run | Yrd Mat Sub Traps Triggered 1 | . 1 . Indirectly . | . . . Trap Hack Attempts . | . . . Triggered . | . . . Disarmed 5 | . 5 . Reprogrammed . | . . . Reused . | . . . Traps Extracted . | . . . Installed . | . . . Triggered . | . . . Machines | -11 -10 -10 ---------- Run | Yrd Mat Sub Machines Disabled 1 | . 1 . Max in Single Turn 1 | . 1 . Machines Repaired . | . . . Machines Dismantled . | . . . Machines Sabotaged . | . . . Overloaded Fab Kills . | . . . Hacking | -11 -10 -10 --------- Run | Yrd Mat Sub Machines Accessed 11 | . 10 1 Terminals 8 | . 8 . Fabricators . | . . . Repair Stations 1 | . 1 . Recycling Units 1 | . 1 . Scanalyzers . | . . . Garrison Access . | . . . Total Hacks 30 | . 25 5 Successful 22 | . 17 5 Failed 8 | . 8 . Catastrophic . | . . . Database Lockouts . | . . . Manual 11 | . 11 . Terminals 23 | . 23 . Fabricators . | . . . Repair Stations 1 | . 1 . Recycling Units 1 | . 1 . Scanalyzers . | . . . Garrison Access . | . . . Terminal Hacks 17 | . 12 5 Record 5 | . . 5 Branch Access Points 1 | . 1 . Terminal Index 1 | . 1 . Scanalyzer Index 1 | . 1 . Alert Level 1 | . 1 . Unreport Threat 1 | . 1 . Locate Traps 3 | . 3 . Disarm Traps 1 | . 1 . Dispatch Records 2 | . 2 . Hauler Manifests 1 | . 1 . Fabricator Hacks . | . . . Repair Station Hacks 1 | . 1 . Refit 1 | . 1 . Recycling Unit Hacks . | . . . Scanalyzer . | . . . Garrison Access Hacks . | . . . Unauthorized Hacks 4 | . 4 . Terminals 4 | . 4 . Botnet 4 | . 4 . Fabricators . | . . . Repair Stations . | . . . Recycling Units . | . . . Scanalyzers . | . . . Garrison Access . | . . . Data Cores Recovered . | . . . Used . | . . . Hacking Detections 7 | . 7 . Full Trace Events . | . . . Feedback Events . | . . . Feedback Blocked . | . . . Robot Schematics Acquired . | . . . Robots Built . | . . . Authchips . | . . . Time . | . . . Total Robot Build Rating . | . . . Part Schematics Acquired . | . . . Parts Built . | . . . Authchips . | . . . Time . | . . . Total Part Build Rating . | . . . Part Studies Acquired . | . . . Parts Repaired . | . . . Time . | . . . Parts Recycled . | . . . Recycled Matter . | . . . Retrieved Matter . | . . . Retrieved Components . | . . . Parts Scanalyzed . | . . . Part Schematics Acquired . | . . . Parts Damaged . | . . . Bothacking | -11 -10 -10 ------------ Run | Yrd Mat Sub Used RIF Installer . | . . . Robots Hacked . | . . . Non-combat . | . . . Combat . | . . . Robot Hacks Applied . | . . . Relay Couplers Released . | . . . Fabnet Peak Effective % . | . . . Robots Rewired . | . . . Allies Hacked . | . . . Hacks Repelled . | . . . Allies | -11 -10 -10 -------- Run | Yrd Mat Sub Total Allies . | . . . Largest Group . | . . . Highest-Rated Group . | . . . Highest-Rated Ally . | . . . Total Orders . | . . . Ally Attacks . | . . . Total Damage . | . . . Kills . | . . . Allies Corrupted . | . . . Allies Melted . | . . . Intel | -11 -10 -10 ------- Run | Yrd Mat Sub Active Infowar (turns) 2509 | . 1133 1376 Sensors 2509 | . 1133 1376 Robot Analysis Total . | . . . Derelict Logs Recovered 2 | . . 2 Drone Launches . | . . . Drone Recoveries . | . . . Exploration | -11 -10 -10 ------------- Run | Yrd Mat Sub Turns Passed 2993 | 79 1335 1579 Spaces Moved 1608 | 45 697 866 Core 2 | 2 . . Treads 1606 | 43 697 866 Legs . | . . . Wheels . | . . . Hover . | . . . Flight . | . . . Fastest Speed 50 | 50 160 160 Average Speed 159 | 155 160 160 Slowest Speed 160 | 160 160 160 Overloaded Moves . | . . . Propulsion Burnouts . | . . . Robots Hopped . | . . . Potential Cave-ins . | . . . Cave-ins Triggered . | . . . Exploration Rate (%) 53 | 4 99 57 Regions Visited 2 Branch Regions 1 Pre-discovered Areas 1 | . . 1 Known Exits Taken . | . . . Unknown Exits Taken 2 | 1 1 . Scrap Searched 1 | . . 1 Spaces Dug . | . . . Terrain Destroyed 15 | . 3 12 Melee . | . . . Projectile . | . . . AOE 15 | . 3 12 Terrain Rammed . | . . . Walls Destroyed . | . . . Machines Disabled . | . . . Actions | -11 -10 -10 --------- Run | Yrd Mat Sub Total 1855 | 54 828 973 Wait 73 | . 34 39 Move 1606 | 44 696 866 Hop . | . . . Pick Up 20 | 5 14 1 Fast Attach 2 | . . 2 Attach 7 | 5 2 . Detach . | . . . Swap 11 | . 5 6 Drop 13 | . 11 2 Fire 83 | . 48 35 Melee 16 | . . 16 Ram . | . . . Kick . | . . . Crush . | . . . Escape Stasis . | . . . Rewire . | . . . Trap . | . . . Miscellaneous 24 | . 18 6 Route ------- -11/Scrapyard -10/Materials (discovered 6 exits: [*Mat x3] / *Min x2 / *Sub) -10/Subcaves (discovered 3 exits: *Mat x2 / [*Rec]) History --------- Turn | Location | Event 1 | -11/Scrapyard | Upgraded with Propulsion slot (x1) 1 | -11/Scrapyard | Upgraded with Utility slot (x1) 1 | -11/Scrapyard | Upgraded with Weapon slot (x1) 30 | -11/Scrapyard | Discovered new exit (range 16) 80 | -11/Scrapyard | Entered Materials 297 | -10/Materials | Discovered new exit (range 11) 313 | -10/Materials | Build established: Mutant 454 | -10/Materials | Identified exit to Mines 462 | -10/Materials | Discovered new exit (range 6) 1235 | -10/Materials | Reached level 2 1289 | -10/Materials | Discovered new exit (range 7) 1402 | -10/Materials | Discovered new exit (range 9) 1415 | -10/Materials | Entered Subcaves 1424 | -10/Subcaves | Ambushed by Subdwellers from Twisted Machinery 1453 | -10/Subcaves | Core integrity fell below 50% 1906 | -10/Subcaves | Core integrity fell below 20% 2090 | -10/Subcaves | A swath of the cavern ceiling suddenly collapsed 2282 | -10/Subcaves | Curiously followed by a Cobbler waking with a query about "LVR3C" 2417 | -10/Subcaves | Discovered new exit (range 10) 2925 | -10/Subcaves | Visited Clippyterm 2930 | -10/Subcaves | Learned Factory trap positions 2930 | -10/Subcaves | Learned location of Extension (-6) 2994 | -10/Subcaves | Identified exit to Materials 2994 | -10/Subcaves | Discovered new exit (range 13) 2994 | -10/Subcaves | Destroyed by Autobeam Turret with Autobeam Last Messages --------------- half the time it still manages to suggest unhelpful sample queries and responses. --DD-NU8 >>Record "Banana Peels" It looks like you're afraid of the consquences of stepping on the wrong spot, would you like help? Data stored: Factory trap records. >>Record "Prison Break" It looks like you're planning to spring a Derelict or three, would you like help? World map updated: -6/Extension. >>Record "Letterhead" It looks like you're writing a letter, sorry I don't know how to do that. >>Record "Bogan" It looks like you're interested in the dark side, V4-D3R would be pleased, though I don't think they're in the habit of teaching apprentices. 02994_ Acquired derelict log, extracted data. Loading 1 Subcaves exit... 02994_ EXIT=FOUND Map ----- +----------------------------------------------------+ | ?????????????????####?## #?? | | ?????????????????# ## ## #?? | | ??????????????????# ### % ####### #?? | | ??????????????????## #"#% ^ ## #?????# ##? | | ????????????????????# ""% ### #????# ## | | ?????????????????????# ### #???## | | ?????????????????????## ## #???# | | ??????????????????????# ###### #??### | | ??????????????????????# #"" ##?????#####????### | | ??????????????????????# ## #?????????????????? | | ??????????????????????# ## ##????????????????? | | ??????????????????????## #????????????????? | | ??????????????????????# ##????????????????? | | ?????????????????????## #?????????????????? | | ????????????????????## ## #?????????????????? | | ???????????????????## ### ##?????????????????? | | ?????????????????### #??##??????????????????? | | ?????????????????# ##?????????????????????? | | ?????????????????# ##????????????????????? | | ????????????????## #????????????????????? | | ?????????## #### ## #????????????????????? | | ????????# ## #????????????????????? | | ???? #????????????????????? | | ???? ###### #????????????????????? | | ???? ####?????## #????????????????????? | | ?????######???????????###@ #????????????????????? | | ????????????????????????# #????????????????????? | | ????????????????????????# #????????????????????? | | ????????????????????????# #????????????????????? | | ????????????????????????# #????????????????????? | | ????????????????????????# #????????????????????? | | ???????????????????????? ????????????????????? | | ???????????????????????? ???????????????????? | | ???????????????????????? ???????????????????? | | ???????????????????????? t t "??????????????????? | | ???????????????????????? " " "??????????????????? | | ????????????????????????"" """"??????????????????? | | ????????????????????????##<####??????????????????? | | ??????????????????????????#??????????????????????? | | ?????????????????????????????????????????????????? | | ?????????????????????????????????????????????????? | | ?????????????????????????????????????????????????? | | ?????????????????????????????????????????????????? | | ?????????????????????????????????????????????????? | | ?????????????????????????????????????????????????? | | ?????????????????????????????????????????????????? | | ?????????????????????????????????????????????????? | | ?????????????????????????????????????????????????? | | ?????????????????????????????????????????????????? | | ?????????????????????????????????????????????????? | +----------------------------------------------------+ Best States ------------- Heat Dissipation 25 Energy Generation 10 Energy Capacity 250 Matter Stores 300 Matter Capacity 300 Sight Range 16 Robot Scan Range 20 Terrain Scan Density 10 Armor Coverage 800 Resistance: KI 20 Resistance: TH 20 Resistance: EX 20 Resistance: EM 20 Resistance: I 20 Resistance: S 20 Resistance: P 20 Evasion (%) 40 Recoil Reduction 2 Offensive Hacking 10 Item Schematics ----------------- None Robot Schematics ------------------ None Fabricated ------------ Nothing Repaired ---------- Nothing Studied --------- None Alien Tech Used ----------------- None Achievements -------------- Fitting Room I Have A Map? Survival Of The Most Covered Challenges ------------ None RPGLIKE | -11 -10 -10 --------- Run | Yrd Mat Sub Levels Raised 1 | . 1 . XP Earned 6545 | 4000 1545 1000 XP Spent 5475 | 4000 . 1475 Upgrades 11 | 7 . 4 Propulsion Slot 1 | 1 . . Utility Slot 1 | 1 . . Weapon Slot 1 | 1 . . Inventory Capacity 5 | 4 . 1 Sensor Range 3 | . . 3 Protomatter Created 211 | . 171 40 Integrity Restored 459 | . 339 120 Core 372 | . 252 120 Parts 87 | . 87 . Protomatter Decayed 61 | . 54 7 Game ------ Seed ExpertChromionCore Manual? 0 Play Time 00:18:10 Cumulative 129.5 hours Start 2026.02.10 @ 09:07:12 End 2026.02.10 @ 09:24:35 Sessions 1 Manual Loads 0 Difficulty Adventurer Special Mode Winter2019/RPGLIKE Game No. 101 Rogue 72 Adventurer 29 Explorer 0 Win Type - Total 5 Types 2/0/2/1/0/0/0/0/0/0 Lore% 58 Gallery% 41 Achievement% 30 Wizard Run 0 Options --------- Layout 0 ASCII 0 Keyboard 0 Movement Mouse Keybinds 0 Fullscreen 1 Font 24/Smallcaps Map View 76x56 Zoom Use 0% Tactical HUD 1 Map Filters NONE Filters NONE Steam 1 RUN: f2f024f2-47ab-45d6-b367-4f33ef3a3795